cohdb
Replays
Latest Replays
All Replays
Popular Replays
Top Player Replays
Match Explorer
How It Works
Community
CoH3 Stats
Reddit
Sign in to upload your games and track your stats! →
Sign in with Steam
Match 25400190
Unlisted
Match 25400190
Overview
Messages
Build Orders
End
Construct Infanterie Kompanie
Selects Mechanized Battlegroup
Grenadier Squad
Grenadier Squad
MG 42 Machine Gun Team
GrW 34 Mortar Team
Medical Station
Construct Panzergrenadier Kompanie
Pak 40 Anti-tank Gun Team
Selects Raid Package
Support Elements
Nebelwerfer 42 Rocket Launcher Team
MG 42 Machine Gun Team
StuG III G Assault Gun
Selects StuG Assault Group
StuG Assault Group
Selects Spotting Scopes
Pioneer Squad
Selects Wespe Self-propelled Artillery
Nebelwerfer 42 Rocket Launcher Team
Nebelwerfer 42 Rocket Launcher Team
MG 42 Machine Gun Team
Pioneer Squad
Selects Zeroing Artillery Barrage
Selects UNKNOWN (2160084)
MillenniumKnight
Phil
ConcernedApe
Hydra7-1
0
0
Comments
sign in to comment!
No comments posted yet!